 Dungeon Sprint DCSS version 0.18.1-48-g4cf74bf (webtiles) character file.

4086 Gingerlord the Fighter (level 10, -4/97 HPs)
             Began as a Minotaur Fighter on July 7, 2016.
             Was a High Priest of Makhleb.
             Killed from afar by a balrug (12 damage)
             ... with a fireball
             ... summoned by the player character
             ... in the Dungeon (Sprint IX: "|||||||||||||||||||||||||||||").
             The game lasted 00:04:56 (847 turns).

Gingerlord the Fighter (Minotaur Fighter)            Turns: 847, Time: 00:04:57

Health: -4/97      AC: 13    Str: 24    XL:     10   Next: 5%
Magic:  16/16      EV: 15    Int:  5    God:    Makhleb [*****.]
Gold:   0          SH: 13    Dex: 13    Spells: 0 memorised, 9 levels left

rFire  . . .     SeeInvis .     p - +2 scimitar (elec)
rCold  . . .     Gourm    .     q - +1 chain mail
rNeg   . . .     Faith    .     c - +0 shield
rPois  .         Spirit   .     (helmet restricted)
rElec  .         Dismiss  .     (no cloak)
rCorr  .         Reflect  .     (no gloves)
SustAt .         Harm     .     (no boots)
MR     .....     NoTele   +     (no amulet)
Stlth  ..........               s - +3 ring of strength
                                r - +2 ring of evasion

@: very slightly contaminated, not resistant to hostile enchantments, extremely
unstealthy
A: retaliatory headbutt, horns 2
a: Minor Destruction, Lesser Servant of Makhleb, Major Destruction, Greater
Servant of Makhleb, Renounce Religion


You were in the Dungeon.
You worshipped Makhleb.
Makhleb was extremely pleased with you.
You were near starving.

You visited 1 branch

Inventory:

Hand Weapons
 a - a +0 long sword
 p - a +2 scimitar of electrocution (weapon)
Armour
 c - a +0 shield (worn)
 q - a +1 chain mail (worn)
Jewellery
 r - a +2 ring of evasion (left hand)
 s - a +3 ring of strength (right hand)
Wands
 o - a wand of acid (6/15)
Scrolls
 m - 3 scrolls of remove curse
 n - 2 scrolls of amnesia
 t - a scroll of recharging
 u - 3 scrolls of fog
 v - 2 scrolls of enchant armour
 w - a scroll of identify
Potions
 b - a potion of resistance
 d - a potion of might
 e - 5 potions of curing
 g - 3 potions of heal wounds
 h - a potion of haste
 i - 4 potions of magic
 j - a potion of berserk rage
 l - a potion of invisibility
Comestibles
 f - a bread ration


   Skills:
 + Level 11.9 Fighting
 + Level 11.4 Long Blades
 + Level 11.9 Armour
 + Level 10.3 Dodging
 + Level 11.9 Shields
 * Level 10.3 Invocations


You had 9 spell levels left.
You didn't know any spells.

Dungeon Overview and Level Annotations

Branches:
Dungeon (1/1)

Altars:
Cheibriados
Dithmenos
Elyvilon
Fedhas
Gozag
Kikubaaqudgha
Makhleb
Nemelex Xobeh
Okawaru
Pakellas
Qazlal
Ru
Sif Muna
Trog
Vehumet
Xom
Yredelemnul
Zin
The Shining One
Beogh
Jiyva
Lugonu


Innate Abilities, Weirdness & Mutations

You reflexively headbutt those who attack you in melee.
You have a pair of horns on your head.


Message History

The scroll dissolves into smoke.
You see here 15 poisoned needles.
You see here a cursed amulet of inaccuracy.
The balrug gestures at you. Makhleb smites you!
* * * LOW HITPOINT WARNING * * *
There is an open door here.
The balrug gestures at you. Makhleb smites you!
* * * LOW HITPOINT WARNING * * *
As you close the door, it creaks loudly!
You start resting.
A balrug opens the door.
It is wielding a demon whip.
You close the door.
A balrug opens the door.
You close the door.
A balrug opens the door.
You close the door.
A balrug opens the door.
The balrug closely misses you. The balrug gestures at you.
The fireball explodes!
The fireball engulfs you!
You die...

▓▓▓▓▓▓▓▓▓▓▓▓▓▓▓▓▓▓▓▓▓
___'....)'(....(...<▓
▓▓▓▓▓▓▓▓▓▓▓▓▓▓▓▓▓▓▓▓▓
................@.2.▓
▓▓▓▓▓▓▓▓▓▓▓▓▓▓▓▓▓▓▓D▓
2.§§§§"..r..'.rSD...▓
▓▓▓▓▓▓▓▓▓▓▓▓▓▓▓▓▓▓▓▓▓


You could see a balrug and a seven-headed hydra.

Vanquished Creatures
  A hydra (D)
  An elephant (D)
  2 spiny frogs (D)
  A rime drake (D)
  A troll (D)
  2 wyverns (D)
  2 wraiths (D)
  2 hippogriffs (D)
  3 water moccasins (D)
  A sky beast (D)
  A wasp (D)
  An ogre (D)
  A crocodile (D)
  3 centaurs (D)
  3 giant frogs (D)
  A scorpion (D)
  A jelly (D)
  An iguana (D)
  An adder (D)
  2 hobgoblins (D)
  2 kobolds (D)
  A quokka skeleton (D)
  A rat (D)
35 creatures vanquished.

Notes
Turn   | Place    | Note
--------------------------------------------------------------
     0 | D        | Gingerlord the Minotaur Fighter began the quest for the Orb.
     0 | D        | Reached XP level 1. HP: 19/19 MP: 0/0
     9 | D        | Reached skill level 1 in Dodging
    79 | D        | Noticed a sky beast
    79 | D        | Noticed a centaur
    79 | D        | Noticed a scorpion
    81 | D        | Killed a scorpion
    81 | D        | Reached skill level 5 in Fighting
    81 | D        | Reached skill level 5 in Armour
    81 | D        | Reached skill level 5 in Shields
    81 | D        | Reached XP level 2. HP: 29/29 MP: 1/1
    81 | D        | Reached XP level 3. HP: 36/36 MP: 2/2
    87 | D        | Killed a centaur
    87 | D        | Reached skill level 5 in Long Blades
    87 | D        | Reached XP level 4. HP: 37/45 MP: 3/3
   107 | D        | Killed a sky beast
   107 | D        | Reached skill level 5 in Dodging
   107 | D        | Reached XP level 5. HP: 20/52 MP: 4/4
   118 | D        | Found a glowing silver altar of Zin.
   118 | D        | Found a glowing golden altar of the Shining One.
   118 | D        | Found an ancient bone altar of Kikubaaqudgha.
   118 | D        | Found a basalt altar of Yredelemnul.
   118 | D        | Found a shimmering altar of Xom.
   118 | D        | Found a radiant altar of Vehumet.
   119 | D        | Found an iron altar of Okawaru.
   120 | D        | Found a burning altar of Makhleb.
   294 | D        | Found a deep blue altar of Sif Muna.
   295 | D        | Found a bloodstained altar of Trog.
   296 | D        | Found a sparkling altar of Nemelex Xobeh.
   297 | D        | Found a white marble altar of Elyvilon.
   298 | D        | Found a roughly hewn altar of Beogh.
   299 | D        | Found a viscous altar of Jiyva.
   300 | D        | Found a corrupted altar of Lugonu.
   301 | D        | Found a blossoming altar of Fedhas.
   302 | D        | Found a snail-covered altar of Cheibriados.
   303 | D        | Found a shadowy altar of Dithmenos.
   304 | D        | Found a stormy altar of Qazlal.
   305 | D        | Found an opulent altar of Gozag.
   306 | D        | Found a sacrificial altar of Ru.
   307 | D        | Found an oddly glowing altar of Pakellas.
   319 | D        | Became a worshipper of Makhleb the Destroyer
   366 | D        | Noticed a wraith
   366 | D        | Noticed a hippogriff
   366 | D        | Noticed a wyvern
   369 | D        | Killed a wyvern
   369 | D        | Reached XP level 6. HP: 62/62 MP: 5/5
   373 | D        | Killed a hippogriff
   373 | D        | Reached * piety under Makhleb
   374 | D        | Reached XP level 7. HP: 51/69 MP: 5/8
   380 | D        | Reached ** piety under Makhleb
   383 | D        | Killed a wraith
   434 | D        | Noticed a troll
   434 | D        | Noticed a wyvern
   434 | D        | Noticed a wraith
   435 | D        | Reached skill level 5 in Invocations
   437 | D        | Reached *** piety under Makhleb
   442 | D        | Killed a wraith
   442 | D        | Reached XP level 8. HP: 79/79 MP: 9/11
   448 | D        | Reached **** piety under Makhleb
   448 | D        | Reached skill level 10 in Fighting
   448 | D        | Reached skill level 10 in Armour
   448 | D        | Reached skill level 10 in Shields
   451 | D        | Killed a troll
   565 | D        | Noticed a spiny frog
   565 | D        | Noticed a spiny frog
   581 | D        | Noticed a rime drake
   591 | D        | Killed a spiny frog
   591 | D        | Reached ***** piety under Makhleb
   591 | D        | Reached skill level 10 in Long Blades
   591 | D        | Reached XP level 9. HP: 33/86 MP: 12/14
   597 | D        | Killed a spiny frog
   608 | D        | Killed a rime drake
   797 | D        | Noticed a seven-headed hydra
   797 | D        | Noticed a five-headed hydra
   797 | D        | Noticed an elephant
   801 | D        | Reached ****** piety under Makhleb
   809 | D        | Killed an elephant
   809 | D        | Reached skill level 10 in Dodging
   816 | D        | Killed an eight-headed hydra
   816 | D        | Reached skill level 10 in Invocations
   816 | D        | Reached XP level 10. HP: 70/97 MP: 16/16
   821 | D        | Noticed a balrug
   847 | D        | Killed from afar by a balrug

Skill      XL: |  1  2  3  4  5  6  7  8  9 |
---------------+----------------------------+-----
Dodging        | 3 4 5 6 7 8 9 10 | 10.3
Shields        | 5 6 7 8 9 10 11 | 11.9
Armour         | 5 6 7 8 9 10 11 | 11.9
Fighting       | 5 6 7 8 9 10 11 | 11.9
Long Blades    | 4 5 6 7 8 9 10 11 | 11.4
Invocations    | 3 5 8 10 | 10.3

Action                   |  1- 3 |  4- 6 |  7- 9 | 10-12 || total
-------------------------+-------+-------+-------+-------++-------
Melee: Long sword        |    22 |    25 |       |       ||    47
       Headbutt          |     5 |     3 |     8 |       ||    16
       Scimitar          |       |     8 |    66 |       ||    74
Invok: Major Destruction |       |       |    10 |     1 ||    11
       Greater Servant o |       |       |       |     2 ||     2
Evoke: Wand              |       |       |     1 |       ||     1
  Use: Potion            |       |       |     5 |       ||     5
       Scroll            |       |       |     1 |     2 ||     3
Armor: Scale mail        |     6 |    15 |       |       ||    21
       Chain mail        |       |     3 |    16 |     2 ||    21
Dodge: Dodged            |     7 |     7 |    31 |     2 ||    47
Block: Shield            |    10 |     9 |    29 |     2 ||    50
